 Dungeon Crawl Stone Soup version 0.20-a0-984-ge8aa303 (webtiles) character file.

106 inmateoo the Chopper (level 5, -1/41 HPs)
             Began as a Formicid Fighter on Apr 11, 2017.
             Slain by Joseph
             ... wielding a cursed +0 quarterstaff
              (10 damage)
             ... on level 7 of the Dungeon.
             The game lasted 00:00:36 (385 turns).

inmateoo the Chopper (Formicid Fighter)              Turns: 385, Time: 00:00:36

Health: -1/41      AC:  6    Str: 27    XL:     5   Next: 10%
Magic:  5/5        EV:  8    Int:  7    God:
Gold:   28         SH: 10    Dex: 10    Spells: 4/4 levels left

rFire    . . .     SeeInvis +   a - +0 war axe
rCold    . . .     Gourm    .   c - +0 shield
rNeg     . . .     Faith    .   b - +0 scale mail
rPois    .         Spirit   .   (helmet unavailable)
rElec    .         Reflect  .   (no cloak)
rCorr    .         Harm     .   (no gloves)
MR       .....                  (no boots)
Stlth    ..........             (no amulet)
Regen    0.2/turn               (no ring)
MPRegen  0.1/turn               (no ring)

@: mighty
A: permanent stasis, dig shafts and tunnels, four strong arms, antennae 3
a: Dig, Shaft Self


You were on level 7 of the Dungeon.
You were not hungry.

You visited 1 branch of the dungeon, and saw 4 of its levels.

You collected 28 gold pieces.

Inventory:

Hand Weapons
 a - a +0 war axe (weapon)
Armour
 b - a +0 scale mail (worn)
 c - a +0 shield (worn)
Jewellery
 h - an uncursed amulet of the gourmand {unknown}
Scrolls
 e - 3 scrolls of magic mapping {unknown}
 g - a scroll of identify {unknown}
Comestibles
 f - 2 bread rations


   Skills:
 - Level 3.2 Fighting
 + Level 4.8 Axes
 - Level 3.2 Armour
 - Level 3.6 Shields


You had 4 spell levels left.
You didn't know any spells.

Dungeon Overview and Level Annotations

Branches:
Dungeon (1/15)

Altars:

Annotations:
D:7 Joseph


Innate Abilities, Weirdness & Mutations

You cannot be hasted, slowed, berserked, paralysed or teleported.
You can dig through walls and to a lower floor.
Your four strong arms can wield two-handed weapons with a shield.
You have a pair of large antennae on your head. (SInv)


Message History

The centaur barely misses you.
The centaur hits you but does no damage.
You block the centaur's attack.
Unknown command.
You feel very mighty all of a sudden. The centaur hits you!
* * * LOW HITPOINT WARNING * * *
You closely miss Joseph. You hit the centaur.
The centaur hits you but does no damage.
Joseph barely misses you. You block the centaur's attack.
A dart slug comes into view.
Unknown command.
You barely miss Joseph. You hit the centaur.
You kill the centaur!
Your Axes skill increases to level 4!
You have reached level 4!
You feel stronger.
You have reached level 5!
Joseph hits you with a quarterstaff!
You die...

#.#.###########
#..............
######.##########
###.............
...........>####
#######.###.#.#.#
........###.#.#.#
.%......((..#.# #
.......@###.#..
......)@# #.##.
........# #.#
........# #.#
w.......# #.#
........# #.#
######### #.# #.#
...


You could see Joseph and a dart slug.

Vanquished Creatures
  A centaur (D:7)
  A worm (D:2)
  A dart slug (D:1)
  2 bats (D:1)
  5 goblins (D:1)
  2 hobgoblins (D:1)
  2 frilled lizards (D:1)
  6 kobolds
  2 rats (D:1)
22 creatures vanquished.

Notes
Turn   | Place    | Note
-------+----------+-------------------------------------------
     0 | D:1      | inmateoo the Formicid Fighter began the quest for the Orb.
     0 | D:1      | Reached XP level 1. HP: 18/18 MP: 1/1
    54 | D:1      | Reached XP level 2. HP: 24/24 MP: 2/2
    94 | D:1      | Reached skill level 3 in Axes
   345 | D:1      | Reached XP level 3. HP: 29/29 MP: 3/3
   348 | D:1      | You fall through a shaft!
   361 | D:2      | You fall through a shaft for 2 floors!
   364 | D:4      | You fall through a shaft for 3 floors!
   379 | D:7      | Noticed a centaur
   380 | D:7      | Noticed Joseph
   385 | D:7      | Killed a centaur
   385 | D:7      | Reached skill level 4 in Axes
   385 | D:7      | Reached XP level 4. HP: 8/35 MP: 4/4
   385 | D:7      | Reached XP level 5. HP: 9/41 MP: 5/5
   385 | D:7      | Slain by Joseph

Vault maps used:
D:1:      ncdulo_lavacross
D:2:      ashenzari_altar_1, first_bread
D:4:      kennysheep_the_goblin_king, grunt_temple_overflow_opulence,
          nicolae_overflow_hidden_temple, minmay_temple_entry_overgrown
D:7:      kennysheep_slugbush, serial_shops, nicolae_shop_behind_doors,
          uniq_joseph, uniq_duvessa

Skill      XL: |  1  2  3 |
---------------+----------+-----
Axes           | 3 4 |  4.8
Fighting       | |  3.2
Armour         | |  3.2
Shields        | |  3.6

Action                   |  1- 3 |  4- 6 || total
-------------------------+-------+-------++-------
Melee: War axe           |    73 |       ||    73
 Abil: Shaft Self        |     3 |       ||     3
  Use: Potion            |     1 |       ||     1
Armor: Scale mail        |    30 |       ||    30
Dodge: Dodged            |    20 |       ||    20
Block: Shield            |    38 |       ||    38
